General information
			
			
        
        - name: BNet
 
        - type: Ladder team game (AT/RT)
 
        - host: Battle.net
 
        - saver: TALONSAREIMBA
 
        
map: Cherryville 
        - players: 8
 
        - length: 22:56
 
        - speed: Fast
 - version: 1.22 W3XP
 - replay type:  Public
 
» download(234 KB)
Players
        team 1 (loser) 
              
              
» 
IseeNewbPeople (
teal | 67 APM | 1515 actions | 22:37)
              
 5 Archmage 
 3 Summon Water Elemental
 2 Brilliance Aura
 
                » actions 
                
                | Assign group hotkey | 42 |  | 
| Basic commands | 149 |  | 
| Build / train | 64 |  | 
| ESC pressed | 1 |  | 
| Enter build submenu | 23 |  | 
| Enter hero's abilities submenu | 5 |  | 
| Give item / drop item | 2 |  | 
| Right click | 339 |  | 
| Select / deselect | 226 |  | 
| Select group hotkey | 599 |  | 
| Use ability | 65 |  | 
                1515 total
 » units 
                
                | Peasant | 18 |  | 
| Footman | 5 |  | 
| Assassin | 2 |  | 
| Murloc Huntsman | 2 |  | 
| Kobold | 1 |  | 
| Gryphon Rider | 6 |  | 
| Priest | 3 |  | 
                37 total
 » upgrades
                
                | Defend | 1 |  | 
| Lumber Harvesting | 2 |  | 
| Storm Hammers | 1 |  | 
| Swords | 2 |  | 
| Priest Training | 2 |  | 
                8 total
 » buildings
                
                | Altar of Kings | 1 |  | 
| Farm | 9 |  | 
| Barracks | 1 |  | 
| Keep | 1 |  | 
| Arcane Vault | 1 |  | 
| Lumber Mill | 2 |  | 
| Blacksmith | 1 |  | 
| Castle | 1 |  | 
| Gryphon Aviary | 2 |  | 
| Town Hall | 2 |  | 
| Arcane Sanctum | 3 |  | 
                24 total
 » build order
                00:08 Altar of Kings
00:21 Farm
00:34 Barracks
01:00 Farm
01:48 Farm
02:40 Keep
02:54 Arcane Vault
03:51 Farm
04:04 Lumber Mill
04:09 Blacksmith
04:14 Lumber Mill
05:03 Castle
05:45 Farm
06:17 Gryphon Aviary
06:19 Gryphon Aviary
08:02 Town Hall
10:27 Arcane Sanctum
10:30 Arcane Sanctum
11:53 Arcane Sanctum
12:03 Farm
12:05 Farm
12:06 Farm
12:07 Farm
16:30 Town Hall
» items
                
                | Scroll of Regeneration | 6 |  | 
| Orb of Fire | 1 |  | 
| Scroll of Town Portal | 3 |  | 
| Staff of Sanctuary | 1 |  | 
                11 total
  
               
              
              
» 
Jhou (
green | 105 APM | 2395 actions | 22:47)
              
 5 Death Knight 
 3 Death Coil
 2 Unholy Aura
 3 Lich 
 2 Frost Nova
 1 Frost Armor
 3 Crypt Lord 
 2 Impale
 1 Spiked Carapace
 
                » actions 
                
                | Assign group hotkey | 26 |  | 
| Basic commands | 218 |  | 
| Build / train | 67 |  | 
| Enter build submenu | 20 |  | 
| Enter hero's abilities submenu | 11 |  | 
| Give item / drop item | 3 |  | 
| Remove unit from queue | 3 |  | 
| Right click | 896 |  | 
| Select / deselect | 433 |  | 
| Select group hotkey | 593 |  | 
| Use ability | 125 |  | 
                2395 total
 » units 
                
                | Acolyte | 8 |  | 
| Ghoul | 11 |  | 
| Crypt Fiend | 7 |  | 
| Obsidian Statue | 7 |  | 
| Frost Wyrm | 1 |  | 
                34 total
 » upgrades
                
                | Creature Attack | 2 |  | 
| Web | 1 |  | 
| Destroyer Form | 1 |  | 
                4 total
 » buildings
                
                | Graveyard | 1 |  | 
| Crypt | 1 |  | 
| Ziggurat | 10 |  | 
| Altar of Darkness | 1 |  | 
| Tomb of Relics | 1 |  | 
| Halls of the Dead | 1 |  | 
| Slaughterhouse | 2 |  | 
| Black Citadel | 1 |  | 
| Spirit Tower | 2 |  | 
| Sacrificial Pit | 1 |  | 
| Boneyard | 2 |  | 
                23 total
 » build order
                00:08 Graveyard
00:13 Crypt
00:42 Ziggurat
01:01 Altar of Darkness
01:51 Ziggurat
01:54 Ziggurat
02:28 Tomb of Relics
04:09 Halls of the Dead
04:39 Ziggurat
06:24 Ziggurat
06:54 Slaughterhouse
07:41 Black Citadel
08:15 Spirit Tower
09:42 Ziggurat
13:18 Slaughterhouse
13:21 Sacrificial Pit
13:26 Ziggurat
16:38 Ziggurat
17:22 Ziggurat
18:00 Boneyard
18:01 Boneyard
18:04 Ziggurat
18:51 Spirit Tower
» items
                
                | Rod of Necromancy | 2 |  | 
| Circlet of Nobility | 1 |  | 
| Potion of Healing | 2 |  | 
| Potion of Mana | 1 |  | 
| Scroll of Town Portal | 2 |  | 
                8 total
  
               
              
              
» 
O_o)Yosh (
red | 88 APM | 2014 actions | 22:46)
              
 6 Blademaster 
 2 Wind Walk
 3 Critical Strike
 1 Bladestorm
 2 Shadow Hunter 
 1 Hex
 1 Healing Wave
 
                » actions 
                
                | Assign group hotkey | 28 |  | 
| Basic commands | 17 |  | 
| Build / train | 53 |  | 
| Enter build submenu | 14 |  | 
| Enter hero's abilities submenu | 8 |  | 
| Give item / drop item | 6 |  | 
| Right click | 828 |  | 
| Select / deselect | 237 |  | 
| Select group hotkey | 731 |  | 
| Use ability | 92 |  | 
                2014 total
 » units 
                
                | Peon | 10 |  | 
| Grunt | 5 |  | 
| Raider | 5 |  | 
| Wind Rider | 7 |  | 
                27 total
 » upgrades
                
                | Ensnare | 1 |  | 
| Pillage | 1 |  | 
| Envenomed Spears | 1 |  | 
                3 total
 » buildings
                
                | Altar of Storms | 1 |  | 
| Orc Burrow | 6 |  | 
| Barracks | 1 |  | 
| Voodoo Lounge | 2 |  | 
| Stronghold | 2 |  | 
| Beastiary | 3 |  | 
| Fortress | 1 |  | 
| Great Hall | 1 |  | 
                17 total
 » build order
                00:07 Altar of Storms
00:19 Orc Burrow
00:38 Barracks
01:28 Orc Burrow
01:53 Voodoo Lounge
02:51 Stronghold
02:52 Stronghold
04:04 Orc Burrow
05:15 Beastiary
05:18 Beastiary
05:39 Beastiary
06:46 Orc Burrow
08:47 Fortress
10:11 Great Hall
11:27 Orc Burrow
11:56 Voodoo Lounge
13:34 Orc Burrow
» items
                
                | Healing Salve | 4 |  | 
| Lesser Clarity Potion | 2 |  | 
| Scroll of Town Portal | 2 |  | 
| Orb of Lightning | 1 |  | 
| Staff of Teleportation | 1 |  | 
                10 total
  
               
              
              
» 
SkyFyre (
orange | 76 APM | 1749 actions | 22:55)
              
 4 Tauren Chieftain 
 2 War Stomp
 2 Endurance Aura
 2 Shadow Hunter 
 1 Healing Wave
 1 Hex
 
                » actions 
                
                | Assign group hotkey | 58 |  | 
| Basic commands | 246 |  | 
| Build / train | 45 |  | 
| ESC pressed | 2 |  | 
| Enter build submenu | 19 |  | 
| Enter hero's abilities submenu | 6 |  | 
| Right click | 542 |  | 
| Select / deselect | 312 |  | 
| Select group hotkey | 433 |  | 
| Use ability | 86 |  | 
                1749 total
 » units 
                
                | Peon | 7 |  | 
| Grunt | 7 |  | 
| Troll Witch Doctor | 4 |  | 
| Spirit Walker | 2 |  | 
| Tauren | 2 |  | 
                22 total
 » upgrades
                
                | Witch Doctor Training | 2 |  | 
| Spirit Walker Training | 2 |  | 
| Pulverize | 1 |  | 
                5 total
 » buildings
                
                | Altar of Storms | 1 |  | 
| Orc Burrow | 7 |  | 
| Barracks | 1 |  | 
| Voodoo Lounge | 1 |  | 
| Stronghold | 1 |  | 
| Fortress | 1 |  | 
| Spirit Lodge | 3 |  | 
| War Mill | 1 |  | 
| Tauren Totem | 2 |  | 
                18 total
 » build order
                00:15 Altar of Storms
00:21 Orc Burrow
00:36 Barracks
01:30 Orc Burrow
02:16 Voodoo Lounge
03:31 Orc Burrow
04:37 Stronghold
05:08 Orc Burrow
06:59 Fortress
07:01 Spirit Lodge
08:27 Spirit Lodge
09:56 War Mill
09:58 Spirit Lodge
11:51 Tauren Totem
11:56 Tauren Totem
13:10 Orc Burrow
13:13 Orc Burrow
14:52 Orc Burrow
» items
                
                | Healing Salve | 4 |  | 
| Lesser Clarity Potion | 1 |  | 
| Potion of Healing | 1 |  | 
| Scroll of Town Portal | 2 |  | 
                8 total
  
               team 2 (winner) 
              
              
» 
cookie_monster (
yellow | 68 APM | 1550 actions | 22:55)
              
 4 Archmage 
 2 Summon Water Elemental
 2 Brilliance Aura
 1 Mountain King 
 1 Storm Bolt
 1 Paladin 
 1 Holy Light
 
                » actions 
                
                | Assign group hotkey | 30 |  | 
| Basic commands | 29 |  | 
| Build / train | 67 |  | 
| ESC pressed | 2 |  | 
| Enter build submenu | 39 |  | 
| Enter hero's abilities submenu | 6 |  | 
| Give item / drop item | 2 |  | 
| Remove unit from queue | 1 |  | 
| Right click | 681 |  | 
| Select / deselect | 378 |  | 
| Select group hotkey | 229 |  | 
| Use ability | 86 |  | 
                1550 total
 » units 
                
                | Peasant | 18 |  | 
| Footman | 8 |  | 
| Murloc Huntsman | 2 |  | 
| Kobold | 2 |  | 
| Assassin | 2 |  | 
| Kobold Geomancer | 1 |  | 
| Gryphon Rider | 3 |  | 
| Flying Machine | 6 |  | 
                42 total
 » upgrades
                
                | Defend | 1 |  | 
| Masonry | 1 |  | 
| Storm Hammers | 1 |  | 
| Swords | 1 |  | 
| Flak Cannons | 1 |  | 
| Flying Machine Bombs | 1 |  | 
                6 total
 » buildings
                
                | Altar of Kings | 1 |  | 
| Barracks | 1 |  | 
| Farm | 12 |  | 
| Lumber Mill | 1 |  | 
| Scout Tower | 7 |  | 
| Arcane Tower | 1 |  | 
| Town Hall | 3 |  | 
| Keep | 1 |  | 
| Castle | 1 |  | 
| Gryphon Aviary | 3 |  | 
| Arcane Vault | 2 |  | 
| Guard Tower | 2 |  | 
| Blacksmith | 1 |  | 
| Workshop | 3 |  | 
                39 total
 » build order
                00:08 Altar of Kings
00:22 Barracks
00:38 Farm
00:51 Farm
01:23 Lumber Mill
01:57 Scout Tower
02:13 Farm
02:34 Arcane Tower
03:42 Farm
03:47 Farm
05:42 Town Hall
06:30 Keep
06:33 Farm
06:41 Farm
06:45 Farm
09:46 Town Hall
11:06 Castle
11:09 Gryphon Aviary
11:10 Gryphon Aviary
11:17 Town Hall
11:21 Scout Tower
11:24 Scout Tower
11:29 Arcane Vault
11:52 Guard Tower
11:55 Scout Tower
11:59 Scout Tower
12:26 Guard Tower
12:28 Scout Tower
12:31 Scout Tower
12:41 Gryphon Aviary
13:21 Blacksmith
17:36 Workshop
17:48 Workshop
17:51 Workshop
18:04 Arcane Vault
18:58 Farm
18:59 Farm
19:02 Farm
19:09 Farm
» items
                
                | Scroll of Town Portal | 3 |  | 
| Potion of Lesser Invulnerability | 1 |  | 
                4 total
  
               
              
              
» 
Rush[yyz] (
blue | 99 APM | 2265 actions | 22:55)
              
 5 Archmage 
 3 Summon Water Elemental
 2 Brilliance Aura
 4 Naga Sea Witch 
 2 Frost Arrows
 2 Forked Lightning
 
                » actions 
                
                | Assign group hotkey | 38 |  | 
| Basic commands | 230 |  | 
| Build / train | 98 |  | 
| Enter build submenu | 37 |  | 
| Enter hero's abilities submenu | 9 |  | 
| Give item / drop item | 2 |  | 
| Remove unit from queue | 1 |  | 
| Right click | 759 |  | 
| Select / deselect | 305 |  | 
| Select group hotkey | 684 |  | 
| Use ability | 102 |  | 
                2265 total
 » units 
                
                | Peasant | 17 |  | 
| Footman | 7 |  | 
| Gryphon Rider | 14 |  | 
                38 total
 » upgrades
                
                | Masonry | 3 |  | 
| Lumber Harvesting | 2 |  | 
| Storm Hammers | 1 |  | 
| Swords | 3 |  | 
| Armor | 1 |  | 
                10 total
 » buildings
                
                | Altar of Kings | 1 |  | 
| Barracks | 1 |  | 
| Farm | 16 |  | 
| Scout Tower | 15 |  | 
| Arcane Tower | 3 |  | 
| Arcane Vault | 1 |  | 
| Lumber Mill | 1 |  | 
| Town Hall | 2 |  | 
| Guard Tower | 13 |  | 
| Keep | 2 |  | 
| Castle | 1 |  | 
| Gryphon Aviary | 3 |  | 
| Blacksmith | 1 |  | 
                60 total
 » build order
                00:09 Altar of Kings
00:20 Barracks
00:28 Farm
00:44 Farm
00:48 Farm
01:45 Scout Tower
01:52 Farm
02:16 Arcane Tower
02:17 Arcane Tower
03:17 Arcane Vault
03:42 Farm
04:25 Scout Tower
04:39 Scout Tower
04:39 Arcane Tower
04:43 Lumber Mill
05:00 Town Hall
05:34 Farm
05:37 Farm
06:16 Guard Tower
06:16 Guard Tower
06:19 Farm
06:33 Keep
06:33 Keep
07:57 Farm
08:24 Scout Tower
08:26 Scout Tower
08:27 Scout Tower
08:28 Scout Tower
09:04 Castle
09:10 Gryphon Aviary
09:10 Gryphon Aviary
10:19 Gryphon Aviary
11:14 Blacksmith
12:20 Farm
14:46 Guard Tower
14:50 Farm
20:15 Farm
20:16 Farm
21:00 Town Hall
21:15 Scout Tower
21:16 Scout Tower
21:26 Scout Tower
21:28 Scout Tower
21:31 Farm
21:34 Farm
21:35 Farm
21:52 Guard Tower
21:53 Scout Tower
21:55 Scout Tower
21:58 Scout Tower
21:59 Scout Tower
22:03 Guard Tower
22:44 Guard Tower
22:44 Guard Tower
22:46 Guard Tower
22:50 Guard Tower
22:50 Guard Tower
22:50 Guard Tower
» items
                
                | Scroll of Regeneration | 5 |  | 
| Lesser Clarity Potion | 1 |  | 
| Scroll of Town Portal | 3 |  | 
| Boots of Speed | 1 |  | 
| Scroll of Protection | 1 |  | 
| Scroll of Healing | 2 |  | 
                13 total
  
               
              
              
TALONSAREIMBA (
pink | 87 APM | 1999 actions | 22:56)
              
 4 Pit Lord 
 2 Rain of Fire
 2 Cleaving Attack
 
                » actions 
                
                | Assign group hotkey | 26 |  | 
| Basic commands | 130 |  | 
| Build / train | 70 |  | 
| ESC pressed | 2 |  | 
| Enter build submenu | 22 |  | 
| Enter hero's abilities submenu | 4 |  | 
| Right click | 903 |  | 
| Select / deselect | 417 |  | 
| Select group hotkey | 360 |  | 
| Use ability | 65 |  | 
                1999 total
 » units 
                
                | Wisp | 26 |  | 
| Huntress | 9 |  | 
| Chimaera | 6 |  | 
| Hippogryph | 11 |  | 
                52 total
 » upgrades
                
                | Corrosive Breath | 1 |  | 
| Strength of the Wild | 3 |  | 
                4 total
 » buildings
                
                | Altar of Elders | 1 |  | 
| Moon Well | 8 |  | 
| Hunter's Hall | 1 |  | 
| Ancient of War | 1 |  | 
| Ancient Protector | 2 |  | 
| Tree of Ages | 1 |  | 
| Ancient of Wind | 1 |  | 
| Tree of Eternity | 1 |  | 
| Tree of Life | 3 |  | 
| Chimaera Roost | 2 |  | 
| Ancient of Wonders | 1 |  | 
                22 total
 » build order
                00:04 Altar of Elders
00:05 Moon Well
01:33 Hunter's Hall
01:56 Ancient of War
02:26 Moon Well
02:52 Ancient Protector
03:28 Tree of Ages
04:08 Moon Well
06:01 Ancient of Wind
07:03 Moon Well
08:03 Tree of Eternity
08:31 Tree of Life
08:46 Ancient Protector
09:14 Moon Well
10:32 Chimaera Roost
10:36 Chimaera Roost
11:18 Tree of Life
14:55 Moon Well
16:00 Moon Well
16:03 Ancient of Wonders
20:27 Moon Well
22:00 Tree of Life
» items
                
                | Scroll of Town Portal | 5 |  | 
| Scroll of Healing | 1 |  | 
| Orb of Corruption | 1 |  | 
                7 total
  
               
              
              
TheLastXX (
purple | 134 APM | 3077 actions | 22:55)
              
 5 Death Knight 
 3 Death Coil
 2 Unholy Aura
 4 Pandaren Brewmaster 
 2 Breath of Fire
 2 Drunken Haze
 4 Pit Lord 
 2 Rain of Fire
 2 Howl of Terror
 
                » actions 
                
                | Assign group hotkey | 42 |  | 
| Basic commands | 116 |  | 
| Build / train | 151 |  | 
| ESC pressed | 2 |  | 
| Enter build submenu | 30 |  | 
| Enter hero's abilities submenu | 13 |  | 
| Give item / drop item | 1 |  | 
| Right click | 802 |  | 
| Select / deselect | 511 |  | 
| Select group hotkey | 1296 |  | 
| Use ability | 113 |  | 
                3077 total
 » units 
                
                | Acolyte | 10 |  | 
| Ghoul | 5 |  | 
| Necromancer | 11 |  | 
| Goblin Shredder | 3 |  | 
| Meatwagon | 6 |  | 
| Obsidian Statue | 2 |  | 
| Crypt Fiend | 8 |  | 
| Banshee | 1 |  | 
                46 total
 » upgrades
                
                | Creature Carapace | 2 |  | 
| Creature Attack | 4 |  | 
| Necromancer Training | 2 |  | 
| Exhume Corpses | 1 |  | 
| Disease Cloud | 1 |  | 
| Skeletal Mastery | 1 |  | 
| Skeletal Longevity | 1 |  | 
| Unholy Strength | 3 |  | 
| Unholy Armor | 3 |  | 
| Destroyer Form | 1 |  | 
| Web | 1 |  | 
                20 total
 » buildings
                
                | Crypt | 1 |  | 
| Altar of Darkness | 1 |  | 
| Ziggurat | 10 |  | 
| Nerubian Tower | 2 |  | 
| Halls of the Dead | 4 |  | 
| Necropolis | 2 |  | 
| Graveyard | 1 |  | 
| Tomb of Relics | 2 |  | 
| Black Citadel | 3 |  | 
| Temple of the Damned | 2 |  | 
| Slaughterhouse | 2 |  | 
| Sacrificial Pit | 1 |  | 
                31 total
 » build order
                00:07 Crypt
00:11 Altar of Darkness
00:33 Ziggurat
00:56 Ziggurat
01:36 Nerubian Tower
03:36 Halls of the Dead
03:36 Halls of the Dead
03:47 Necropolis
04:06 Graveyard
04:20 Tomb of Relics
04:46 Ziggurat
04:48 Ziggurat
05:05 Ziggurat
05:07 Ziggurat
05:57 Black Citadel
05:57 Black Citadel
05:58 Temple of the Damned
06:21 Slaughterhouse
06:56 Temple of the Damned
07:02 Nerubian Tower
07:11 Slaughterhouse
09:46 Ziggurat
11:35 Ziggurat
18:20 Necropolis
20:08 Ziggurat
20:09 Tomb of Relics
20:11 Ziggurat
21:43 Sacrificial Pit
» items
                
                | Rod of Necromancy | 1 |  | 
| Orb of Corruption | 1 |  | 
| Scroll of Town Portal | 2 |  | 
                4 total
  
                Chat log
          (00:08 / All) TALONSAREIMBA: Nastia Liukin
(00:44 / All) cookie_monster: hi
(01:06 / Allies) Rush[yyz]: right
(01:10 / Allies) Rush[yyz]: 12-7 now
(01:24 / Allies) TALONSAREIMBA: hummmmmm
(02:11 / All) TALONSAREIMBA: Im all over u like coolwhip
(02:58 / All) cookie_monster: pink beat blue in super smahsh bros today
(03:04 / All) TALONSAREIMBA: 2-0'ed
(03:04 / All) Rush[yyz]: not true
(03:06 / All) Rush[yyz]: 1-1
(03:09 / All) Rush[yyz]: in the series
(03:10 / All) TALONSAREIMBA: in a best of three
(08:42 / Allies) Rush[yyz]: hall smash
(12:08 / Allies) Rush[yyz]: wtf
(12:34 / All) IseeNewbPeople: Leave please.
(12:46 / All) Rush[yyz]: huh'
(12:56 / All) TALONSAREIMBA: NET ME
(17:40 / Allies) cookie_monster: wood
(18:43 / Allies) TALONSAREIMBA: hall
(19:13 / Allies) Rush[yyz]: tp?
(19:18 / Allies) TALONSAREIMBA: no
(19:29 / Allies) Rush[yyz]: where tp to?
(20:56 / Allies) TALONSAREIMBA: tower your base
(22:36 / All) IseeNewbPeople: God I'm surrounded by fucking idiots.
(22:39 / All) TALONSAREIMBA: rofl